 Dungeon Crawl Stone Soup version 0.23-a0-667-gc184e93 (webtiles) character file.

18738 Lilu the Thaumaturge (level 12, -2/64 HPs)
             Began as a Deep Elf Conjurer on Jan 8, 2019.
             Was an Elder of Hepliaklqana.
             Slain by a tengu reaver
             ... wielding a +3 war axe of flaming
              (27 damage)
             ... on level 10 of the Dungeon.
             The game lasted 00:54:24 (12637 turns).

Lilu the Thaumaturge (Deep Elf Conjurer)           Turns: 12637, Time: 00:54:25

Health: -2/64      AC:  8    Str:  5    XL:     12   Next: 30%
Magic:  17/30      EV: 23    Int: 26    God:    Hepliaklqana [****..]
Gold:   907        SH:  7    Dex: 15    Spells: 8/35 levels left

rFire    . . .     SeeInvis .   g - +2 demon trident (flame)
rCold    . . .     Gourm    .   F - +2 buckler
rNeg     . . .     Faith    .   H - +0 troll leather armour
rPois    .         Spirit   .   q - +0 helmet
rElec    .         Reflect  .   J - +0 cloak
rCorr    .         Harm     .   (no gloves)
MR       +....                  (no boots)
Stlth    ++........             (no amulet)
HPRegen  0.60/turn              o - +5 ring of evasion
MPRegen  0.22/turn              x - +2 ring of protection

@: no status effects
A: reduced essence
a: Recall Ancestor, Ancestor Identity, Transference, Idealise, Renounce Religion


You were on level 10 of the Dungeon.
You worshipped Hepliaklqana.
Hepliaklqana was greatly pleased with you.
You were not hungry.

You visited 1 branch of the dungeon, and saw 14 of its levels.

You collected 907 gold pieces.

Inventory:

Hand Weapons
 g - a +2 demon trident of flaming (weapon)
 r - a +0 short sword
 v - a +1 blowgun
Missiles
 d - 7 curare-tipped needles
 w - 74 poisoned needles
Armour
 q - a +0 helmet (worn)
 F - a +2 buckler (worn)
 G - the +0 leather armour of Card Tricks {rCorr Str+3 Int+2}
   (You found it on level 5 of the Dungeon)

   It affects your strength (+3).
   It affects your intelligence (+2).
   It provides partial protection from all sources of acid and corrosion.
 H - a +0 troll leather armour (worn)
 J - a +0 cloak (worn)
Magical Staves
 O - an uncursed staff of cold
Jewellery
 o - a +5 ring of evasion (left hand)
 p - an uncursed amulet of rage
 u - an uncursed ring of ice
 x - a +2 ring of protection (right hand)
 y - an uncursed ring of resist corrosion
Wands
 t - a wand of acid (15)
 A - a wand of paralysis (11)
 N - a wand of enslavement (6)
Scrolls
 j - 3 scrolls of fog {unknown}
 l - 2 scrolls of enchant weapon
 C - a scroll of acquirement {unknown}
 I - a scroll of enchant armour {unknown}
 L - 2 scrolls of identify
 M - a scroll of remove curse
 P - a scroll of magic mapping {unknown}
 Q - 2 scrolls of teleportation
Potions
 b - 2 potions of berserk rage {unknown}
 e - 3 potions of might
 f - 5 potions of curing
 h - a potion of mutation {unknown}
 k - 2 potions of magic {unknown}
 m - a potion of agility
 n - 3 potions of heal wounds {unknown}
 s - 3 potions of flight
 z - 2 potions of invisibility
 B - a potion of brilliance {unknown}
 D - 2 potions of degeneration {unknown}
 E - a potion of resistance {unknown}
 K - 2 potions of haste {unknown}
Comestibles
 c - 19 rations


   Skills:
 + Level 7.2 Fighting
 + Level 11.2 Dodging
 - Level 3.0 Stealth
 - Level 4.0 Shields
 + Level 12.2 Spellcasting
 + Level 10.9 Conjurations
 - Level 4.0 Hexes
 + Level 5.4 Summonings
 + Level 5.0 Air Magic


You had 8 spell levels left.
You knew the following spells:

 Your Spells              Type           Power        Failure   Level  Hunger
a - Magic Dart            Conj           ####         1%          1    None
b - Searing Ray           Conj           ######       1%          2    None
c - Dazzling Spray        Conj/Hex       ######       1%          3    None
d - Fulminant Prism       Conj/Hex       ######....   2%          4    None
e - Summon Lightning Spi  Summ/Air       #####...     7%          4    None
f - Iron Shot             Conj/Erth      #####.....   69%         6    #####..
g - Spellforged Servitor  Conj/Summ      ######....   87%         7    ######.

Your spell library contained the following spells:

 Spells                   Type           Power        Failure   Level  Hunger
 Confusing Touch          Hex            #####.       1%          1    None
 Summon Small Mammal      Summ           ####         1%          1    None
 Call Imp                 Summ           #####...     1%          2    None
 Call Canine Familiar     Summ           #####...     1%          3    None
 Iskenderun's Mystic Bla  Conj           ######..     1%          4    None
 Summon Guardian Golem    Hex/Summ       #####...     2%          3    None
 Confuse                  Hex            #####...     3%          3    None
 Force Lance              Conj/Tloc      #####...     6%          4    None
 Gell's Gravitas          Tloc           ###.......   19%         3    None
 Iskenderun's Battlesphe  Conj/Chrm      #####...     19%         5    ###....
 Venom Bolt               Conj/Pois      #####.....   19%         5    ###....
 Summon Ice Beast         Ice/Summ       ####....     21%         4    None
 Bolt of Magma            Conj/Fire/Erth ####......   36%         5    ###....
 Orb of Destruction       Conj           ######....   50%         7    ######.
 Petrify                  Tmut/Erth      ###.....     52%         4    None
 Metabolic Englaciation   Hex/Ice        ####......   58%         5    ###....
 Yara's Violent Unravell  Hex/Tmut       ####......   58%         5    ###....


Dungeon Overview and Level Annotations

Branches:
Dungeon (14/15)            Temple (0/1) D:4            Lair (0/6) D:8
    Orc (0/2) D:10
 Vaults: D:13-14

Altars:
Ashenzari
Dithmenos
Elyvilon
Gozag
Hepliaklqana
Kikubaaqudgha
Makhleb
Okawaru
Sif Muna
Uskayaw
Yredelemnul

Shops:
D:9 (

Annotations:
D:8 2 transporters, ThereIsNoGod's ghost, novice OpFi


Message History

Confirm with . or Enter, or press ? or * to list all spells.
Aiming: Summon Lightning Spire (safe; 7% risk of failure)
Press: ? - help, Dir - move target cursor, f - tengu reaver
Aim: a tengu reaver, wielding a +3 war axe of flaming, wearing a +2 ring mail
Okay, then.
Casting: Summon Lightning Spire (safe; 7% risk of failure)
Confirm with . or Enter, or press ? or * to list all spells.
Okay, then.
Casting: Summon Lightning Spire (safe; 7% risk of failure)
Confirm with . or Enter, or press ? or * to list all spells.
Aiming: Summon Lightning Spire (safe; 7% risk of failure)
Press: ? - help, Dir - move target cursor An electric hum fills the air.
The tengu reaver hits you with a +3 war axe of flaming!!
The tengu reaver burns you!
The tengu reaver hits your lightning spire with a +3 war axe of flaming!
The tengu reaver completely misses you. x2
The flayed ghost cries, "Feel what I felt!"
The tengu reaver hits you with a +3 war axe of flaming!!
You die...

#..## ..*. ##.....
#..# #..# #.....
#..# #W.# #.....
#..# #.8# #.#..[
#..# #Q.# #.....
#..####''####.)...
#...88#..#8.......
#....W*...'.......
#@...8####8.......
#.Q...............
#.#######.........
#..............>..
#########.....####
#.........
#.........
#.........
#.........


You could see a tengu reaver, a flayed ghost, a battlesphere and a friendly
lightning spire.

Vanquished Creatures
  Harold (D:7)
  A two-headed ogre (D:9)
  3 unseen horrors
  A deep elf mage (D:12)
  An ugly thing (D:11)
  An elephant (D:8)
  2 cyclopes
  A centaur zombie (D:13)
  2 trolls (D:10)
  A hornet (D:9)
  A slime creature (D:9)
  4 hippogriffs
  A wyvern (D:11)
  A wraith (D:13)
  2 yaks
  A human (D:10)
  2 basilisks
  Grum (D:12)
  Edmund (D:4)
  Menkaure (D:6)
  4 sky beasts
  6 orc warriors
  4 ice beasts
  5 ogres
  A phantom (D:13)
  4 centaurs
  3 wolves (D:11)
  A big kobold (D:8)
  A gnoll sergeant (D:8)
  Blork the orc (D:6)
  3 bullfrogs
  A wyvern skeleton (D:13)
  2 scorpions
  17 killer bees
  A bullfrog zombie (D:6)
  3 crimson imps
  3 hounds
  A quasit (D:9)
  5 jellies
  6 orc priests
  Crazy Yiuf (D:6)
  4 centaur skeletons
  5 iguanas
  4 worker ants
  7 orc wizards
  An ancestor (D:6)
  3 hexers
  A howler monkey zombie (D:9)
  14 adders
  8 gnolls
  A howler monkey skeleton (D:9)
  A shadow imp (D:10)
  5 oozes
  An adder skeleton (D:4)
  4 worms
  2 dart slugs
  5 leopard geckos
  29 orcs
  A ball python (D:2)
  12 bats
  8 giant cockroaches
  13 goblins
  7 hobgoblins
  4 jackals
  20 kobolds
  7 quokkas
  4 frilled lizards
  A leopard gecko skeleton (D:5)
  A quokka skeleton (D:8)
  6 rats
281 creatures vanquished.

Vanquished Creatures (collateral kills)
  A hydra (D:13)
  A two-headed ogre (D:12)
  An ugly thing (D:13)
  2 tengu conjurers
  2 trolls
  2 wraiths
  A yak (D:10)
  2 sky beasts
  2 black bears (D:9)
  5 ice beasts
  An eye of draining (D:13)
  2 phantoms
  A wolf (D:11)
  A centaur (D:10)
  An ogre (D:10)
  A crocodile (D:8)
  5 bullfrogs
  A scorpion (D:5)
  2 killer bees
  2 howler monkeys
  4 crimson imps
  A bullfrog zombie (D:7)
  2 centaur skeletons
  2 orc priests
  A hound (D:9)
  A bullfrog skeleton (D:6)
  3 iguanas
  2 orc wizards
  A worker ant (D:9)
  A hound skeleton (D:9)
  3 worker ant zombies
  3 adders
  An ooze (D:8)
  An adder zombie (D:5)
  A worm (D:3)
  5 orcs
  A giant cockroach (D:6)
  3 jackals (D:5)
  2 quokkas (D:6)
  A bat (D:3)
75 creatures vanquished.

Vanquished Creatures (others)
  An orc priest (D:11)
  12 hexers
  3 ancestors
  An orc (D:11)
  A quokka (D:8)
  44 fulminant prisms
62 creatures vanquished.

Grand Total: 418 creatures vanquished

Notes
Turn   | Place    | Note
-------+----------+-------------------------------------------
     0 | D:1      | Lilu the Deep Elf Conjurer began the quest for the Orb.
     0 | D:1      | Reached XP level 1. HP: 10/10 MP: 6/6
   205 | D:1      | Reached XP level 2. HP: 15/15 MP: 5/8
   444 | D:1      | Learned a level 2 spell: Searing Ray
  1032 | D:2      | Reached XP level 3. HP: 19/19 MP: 5/10
  1369 | D:2      | Reached skill level 4 in Spellcasting
  1598 | D:2      | Reached XP level 4. HP: 24/24 MP: 2/12
  1764 | D:2      | Reached skill level 5 in Conjurations
  2277 | D:3      | Reached XP level 5. HP: 18/28 MP: 4/14
  2489 | D:3      | Reached skill level 5 in Spellcasting
  2601 | D:3      | Found a hazy altar of Hepliaklqana.
  2622 | D:3      | Became a worshipper of Hepliaklqana the Forgotten
  2631 | D:3      | Learned a level 3 spell: Dazzling Spray
  3233 | D:4      | Reached XP level 6. HP: 22/29 MP: 8/15
  3358 | D:4      | Reached skill level 1 in Fighting
  3377 | D:4      | Reached skill level 5 in Dodging
  3545 | D:4      | Noticed Edmund
  3563 | D:4      | Killed Edmund
  3563 | D:4      | Reached skill level 6 in Spellcasting
  3563 | D:4      | Reached XP level 7. HP: 24/35 MP: 5/18
  3826 | D:4      | Found a staircase to the Ecumenical Temple.
  3969 | D:5      | Entered Level 5 of the Dungeon
  4018 | D:5      | Reached * piety under Hepliaklqana
  4051 | D:5      | Found a hide-covered altar of Uskayaw.
  4125 | D:5      | Got a diamond-encrusted leather armour
  4136 | D:5      | Identified the cursed +0 leather armour of Card Tricks
                  | {rCorr Str+3 Int+2} (You found it on level 5 of the
                  | Dungeon)
  4385 | D:5      | Found a basalt altar of Yredelemnul.
  4402 | D:5      | Reached skill level 1 in Hexes
  4791 | D:5      | Reached XP level 8. HP: 37/40 MP: 15/20
  4812 | D:5      | Reached skill level 7 in Spellcasting
  4881 | D:5      | Found a deep blue altar of Sif Muna.
  5163 | D:5      | Learned a level 4 spell: Fulminant Prism
  5484 | D:6      | Noticed Menkaure
  5489 | D:6      | Killed an unseen horror
  5489 | D:6      | Reached skill level 8 in Spellcasting
  5498 | D:6      | Killed Menkaure
  5498 | D:6      | Reached XP level 9. HP: 38/46 MP: 14/23
  5605 | D:6      | Found a runed door.
  5658 | D:6      | Found a shadowy altar of Dithmenos.
  5914 | D:6      | Found a burning altar of Makhleb.
  5955 | D:6      | Noticed Blork the orc
  5963 | D:6      | Killed Blork the orc
  6053 | D:6      | Noticed Crazy Yiuf
  6056 | D:6      | Killed Crazy Yiuf
  6136 | D:7      | Reached ** piety under Hepliaklqana
  6142 | D:7      | Remembered your ancestor Eadwine as a hexer
  6229 | D:7      | Found an iron altar of Okawaru.
  6287 | D:7      | Noticed Harold
  6288 | D:7      | Reached skill level 1 in Shields
  6288 | D:7      | Reached skill level 9 in Spellcasting
  6289 | D:7      | Noticed a cyclops
  6627 | D:7      | Killed a cyclops
  6747 | D:7      | Killed Harold
  6926 | D:7      | Found an ancient bone altar of Kikubaaqudgha.
  6979 | D:7      | Reached skill level 5 in Fighting
  7143 | D:7      | Reached XP level 10. HP: 53/53 MP: 23/25
  7164 | D:8      | Found a transporter.
  7167 | D:8      | Noticed ThereIsNoGod's ghost (novice OpFi)
  7170 | D:8      | Noticed a moth of wrath
  7346 | D:8      | Found a transporter.
  7369 | D:8      | Found a white marble altar of Elyvilon.
  7401 | D:8      | Found a staircase to the Lair.
  7401 | D:8      | Noticed an elephant
  7448 | D:8      | Killed an elephant
  7448 | D:8      | Reached skill level 10 in Spellcasting
  7834 | D:9      | Noticed a two-headed ogre
  7846 | D:9      | Killed a two-headed ogre
  8052 | D:9      | Learned a level 4 spell: Summon Lightning Spire
  8062 | D:9      | Found Vaddonoc's Weapon Shop.
  8150 | D:9      | Reached *** piety under Hepliaklqana
  8257 | D:9      | Reached skill level 1 in Summonings
  8486 | D:9      | Found an opulent altar of Gozag.
  8579 | D:9      | Reached skill level 1 in Air Magic
  8672 | D:9      | Found a shattered altar of Ashenzari.
  8929 | D:10     | Entered Level 10 of the Dungeon
  8961 | D:10     | Reached XP level 11. HP: 33/57 MP: 12/27
  9261 | D:10     | Reached skill level 10 in Dodging
  9456 | D:10     | Found a staircase to the Orcish Mines.
  9462 | D:10     | Reached skill level 11 in Spellcasting
  9571 | D:10     | Reached skill level 10 in Conjurations
  9862 | D:10     | You fall through a shaft for 3 floors!
  9862 | D:13     | Noticed an eight-headed hydra
  9878 | D:13     | Killed an eight-headed hydra
  9987 | D:13     | Noticed a vault guard
 10177 | D:13     | Noticed a brown ugly thing
 10192 | D:13     | Killed a brown ugly thing
 10675 | D:13     | Noticed a vault guard
 10676 | D:13     | Noticed a deep elf archer
 10758 | D:13     | Killed an unseen horror
 11018 | D:13     | Reached **** piety under Hepliaklqana
 11145 | D:12     | Noticed a deep elf mage
 11149 | D:12     | Killed a deep elf mage
 11168 | D:12     | Killed an unseen horror
 11383 | D:11     | Noticed Grum
 11384 | D:11     | Noticed a cyan ugly thing
 11408 | D:11     | Killed a cyan ugly thing
 11408 | D:11     | Reached XP level 12. HP: 50/63 MP: 4/29
 11557 | D:12     | Noticed a two-headed ogre
 11573 | D:12     | Killed a two-headed ogre
 11573 | D:12     | Reached skill level 5 in Summonings
 11642 | D:12     | Killed Grum
 11642 | D:12     | Reached skill level 12 in Spellcasting
 12014 | D:10     | Reached skill level 5 in Air Magic
 12190 | D:10     | Found a large runed door.
 12200 | D:10     | Learned a level 6 spell: Iron Shot
 12208 | D:10     | Learned a level 7 spell: Spellforged Servitor
 12227 | D:10     | Found a large runed door.
 12621 | D:10     | Noticed a tengu reaver
 12637 | D:10     | Slain by a tengu reaver

Vault maps used:
D:1:      scummos_arrival_forest, grunt_decor_one_mirror, minmay_heptomino_l4
D:2:      minmay_divided_ellipse
D:3:      minmay_inner_zag, overflow_temple_1_default, st_stairs_10
D:4:      minmay_temple_entry_mini_moons, first_ration, uniq_edmund
D:5:      eat_drink_and_be_merry_uskayaw, led_sif_pool, lemuel_crystal_altar
D:6:      lemuel_round_altar, lemuel_coloured_pillars_altar, uniq_blork_the_orc,
          uniq_crazy_yiuf_cottage, uniq_menkaure
D:7:      lemuel_doored_altar, nicolae_overflow_crystal_walls, uniq_harold
D:8:      elyvilon_altar_4, david_lair_generic,
          gammafunk_ghost_berserking_beasts, hangedman_little_slice_of_home
D:9:      wad_cavern_with_rooms, nicolae_gozag_seed_capital, old_standard_altar,
          serial_shops, nicolae_shop_trees
D:10:     erik_orc_4, jmf_multi_god_temple2
D:11:     uniq_sonja, uniq_grum, uniq_nergalle, uniq_erica
D:13:     grunt_vaults_entry_fortified, grunt_ministairs_6,
          small_chamber_with_monster
D:14:     kennysheep_cluttered_room, spider_trap, kennysheep_nub,
          kennysheep_flooded_box, dk_noncrumbling_2,
          nicolae_ru_sacrificial_ziggurat, uniq_snorg

Skill      XL: |  1  2  3  4  5  6  7  8  9 10 11 12 |
---------------+-------------------------------------+-----
Stealth        | 3 |  3.0
Dodging        | 3 4 5 6 7 8 9 10 11 | 11.2
Spellcasting   | 4 5 6 8 9 10 11 12 | 12.2
Conjurations   | 5 6 7 8 9 10 | 10.9
Fighting       | 1 2 4 5 6 7 |  7.2
Hexes          | 2 4 |  4.0
Shields        | 2 3 4 |  4.0
Summonings     | 1 4 5 |  5.4
Air Magic      | 1 4 5 |  5.0

Action                   |  1- 3 |  4- 6 |  7- 9 | 10-12 || total
-------------------------+-------+-------+-------+-------++-------
Melee: Unarmed           |       |     7 |       |       ||     7
       Short sword       |       |    42 |    89 |    82 ||   213
       Demon trident     |       |       |       |   134 ||   134
 Cast: Magic Dart        |    81 |   130 |   120 |    17 ||   348
       Searing Ray       |       |     4 |    28 |    59 ||    91
       Fulminant Prism   |       |       |     6 |    39 ||    45
       Dazzling Spray    |       |       |       |    31 ||    31
       Summon Lightning  |       |       |       |    14 ||    14
Invok: Ancestor Life: He |       |       |     1 |       ||     1
       Recall Ancestor   |       |       |       |     3 ||     3
  Use: Scroll            |       |       |    15 |     1 ||    16
       Potion            |       |       |       |     1 ||     1
 Stab: Sleeping          |       |     1 |     5 |     2 ||     8
       Confused          |       |       |     1 |     3 ||     4
       Distracted        |       |       |       |     4 ||     4
       Invisible         |       |       |       |     1 ||     1
  Eat: Chunk             |     2 |     6 |    10 |    15 ||    33
       Ration            |       |       |       |     1 ||     1
Armor: Robe              |     3 |    15 |     1 |       ||    19
       Leather armour    |       |       |    11 |       ||    11
       Troll leather arm |       |       |    22 |    83 ||   105
Dodge: Dodged            |     4 |   125 |   176 |   448 ||   753
Block: Buckler           |       |       |     6 |    96 ||   102

Table legend:
 A = Non-vault XP
 B = Vault XP
 C = Vault XP percentage of total XP
 D = Non-vault monster count
 E = Vault monster count
 F = Vault count percentage of total count
                 A         B        C        D         E       F
            +---------+---------+-------+---------+---------+-------
      Total |   19935 |    6834 |  25.5 |     281 |      71 |  20.2
            +---------+---------+-------+---------+---------+-------
        D:1 |      30 |       7 |  18.9 |      16 |       4 |  20.0
        D:2 |      60 |      25 |  29.4 |      23 |      12 |  34.3
        D:3 |     193 |      26 |  11.9 |      33 |       8 |  19.5
        D:4 |     301 |     176 |  36.9 |      12 |       1 |   7.7
        D:5 |     898 |       0 |   0.0 |      25 |       0 |   0.0
        D:6 |    1399 |     296 |  17.5 |      18 |       3 |  14.3
        D:7 |    1272 |     955 |  42.9 |      17 |       1 |   5.6
        D:8 |     726 |    1153 |  61.4 |      20 |      12 |  37.5
        D:9 |    1413 |    1836 |  56.5 |      27 |       5 |  15.6
       D:10 |    3992 |    1410 |  26.1 |      41 |      18 |  30.5
       D:11 |    2420 |     477 |  16.5 |      10 |       4 |  28.6
       D:12 |    3528 |     193 |   5.2 |      23 |       1 |   4.2
       D:13 |    3703 |     280 |   7.0 |      16 |       2 |  11.1
            +---------+---------+-------+---------+---------+-------
